 Dungeon Crawl Stone Soup version 0.17-a0-1637-g5d65775 (webtiles) character file.

16 MiaIshata the Caller (level 2, -1/15 HPs)
             Began as a Tengu Summoner on Aug 7, 2015.
             Slain by Terence
             ... wielding a +0 mace
              (7 damage)
             ... on level 2 of the Dungeon.
             The game lasted 00:07:10 (726 turns).

MiaIshata the Caller (Tengu Summoner)                Turns: 726, Time: 00:07:11

Health: -1/15      AC:  2    Str:  8    XL:     2   Next: 54%
Magic:  2/6        EV: 13    Int: 15    God:
Gold:   48         SH:  0    Dex: 14    Spells: 2 memorised, 2 levels left

rFire  . . .     SeeInvis .     (no weapon)
rCold  . . .     Clarity  .     a - +0 robe
rNeg   . . .     SustAt   .     (no shield)
rPois  .         Gourm    .     (helmet restricted)
rElec  .         Spirit   .     (no cloak)
rCorr  .         Warding  .     (no gloves)
rMut   .         Stasis   .     (boots unavailable)
MR     .....                    (no amulet)
Stlth  ++........               (no ring)
                                (no ring)

@: not resistant to hostile enchantments, unstealthy
A: beak, talons 3
a: no special abilities


You were on level 2 of the Dungeon.
You were not hungry.

You visited 1 branch of the dungeon, and saw 2 of its levels.

You collected 48 gold pieces.

Inventory:

Hand weapons
 e - a +1 mace of crushing
Armour
 a - a +0 robe (worn)
Jewellery
 d - an uncursed amulet of resist mutation {unknown}
 f - a cursed amulet of inaccuracy {unknown}
Scrolls
 h - a scroll of identify {unknown}
 i - a scroll of remove curse {unknown}
 j - a scroll of amnesia {unknown}
Potions
 g - a potion of might
Books
 b - a book of Callings

   Spells                             Type                      Level
   a - Summon Small Mammal            Summoning                    1
   b - Call Imp                       Summoning                    2
   c - Call Canine Familiar           Summoning                    3
   d - Summon Guardian Golem          Hexes/Summoning              3
   e - Summon Lightning Spire         Summoning/Air                4
   f - Summon Ice Beast               Ice/Summoning                4
Comestibles
 c - a bread ration


   Skills:
 + Level 2.5 Dodging
 + Level 2.2 Stealth
 * Level 2.2 Spellcasting
 * Level 5.0 Summonings


You had 2 spell levels left.
You knew the following spells:

 Your Spells              Type           Power        Failure   Level  Hunger
a - Summon Small Mammal   Summ           ###.         2%          1    #......
b - Call Imp              Summ           ###.....     4%          2    ###....


Dungeon Overview and Level Annotations

Branches:
Dungeon (2/15)

Altars:

Annotations:
D:2 Terence


Innate Abilities, Weirdness & Mutations

You have a beak for a mouth.
You have claws for feet.


Message History

Your crimson imp closely misses Terence.
Your crimson imp hits the hobgoblin.
You hit Terence but do no damage.
Terence is severely wounded.
Your crimson imp hits Terence but does no damage.
Terence hits you with a mace.
You hit Terence but do no damage. You claw Terence, but do no damage.
Terence is severely wounded.
Your crimson imp blinks!
You hit Terence.
Terence is almost dead.
Terence completely misses you.
Your crimson imp blinks!
You barely miss Terence.
Terence is almost dead.
Terence barely misses you.
You closely miss Terence.
Terence is almost dead.
Terence hits you with a mace!
You die...

### ###..#.# ##...
....... ...
.#...... #.#
...#...## #.#
#.##.... #.#
#.##..#
..#####.###.##..#
.........@@g§.5.#
.######..######.#
#..#####..# #§#
#.........# #g#
##.#####.#######.#
#....g....#
###########


You could see Terence, a hobgoblin and a friendly crimson imp.

Vanquished Creatures
  A giant gecko (D:1)
  A ball python (D:1)
  3 hobgoblins (D:1)
  2 bats (D:1)
  A giant newt (D:1)
  A rat (D:1)
9 creatures vanquished.

Vanquished Creatures (collateral kills)
  2 hobgoblins (D:1)
  2 kobolds (D:1)
  A giant newt (D:2)
  2 goblins (D:1)
7 creatures vanquished.

Grand Total: 16 creatures vanquished

Notes
Turn   | Place    | Note
--------------------------------------------------------------
     0 | D:1      | MiaIshata the Tengu Summoner began the quest for the Orb.
     0 | D:1      | Reached XP level 1. HP: 10/10 MP: 4/4
    37 | D:1      | Reached skill level 5 in Summonings
   223 | D:1      | Reached XP level 2. HP: 12/15 MP: 6/6
   227 | D:1      | Learned a level 2 spell: Call Imp
   695 | D:2      | Noticed Terence
   726 | D:2      | Slain by Terence

Vault maps used:
D:1:      sevenhm_arrival_forest_fort_small_4, minivault_23, item_on_display_a
D:2:      uniq_terence

Action                   || total
-------------------------++-------
Melee: Unarmed           ||    44
 Cast: Summon Small Mamm ||    11
       Call Imp          ||     6
  Use: Potion            ||     2
       Scroll            ||     1
 Stab: Sleeping          ||     3
